 Dungeon Crawl Stone Soup version 0.27-a0-333-gfa571bf19a (webtiles) character file.

Game seed: 8158438662721734819

35 inc the Vexing (level 3, -1/14 HPs)
             Began as a Felid Enchanter on Feb 12, 2021.
             Slain by a worm (12 damage)
             ... on level 2 of the Dungeon.
             The game lasted 00:02:02 (1308 turns).

inc the Vexing (Felid Enchanter)                    Turns: 1308, Time: 00:02:03

Health: -1/14      AC:  1    Str:  4    XL:     3   Next: 17%
Magic:  1/7        EV: 18    Int: 17    God:
Gold:   33         SH:  0    Dex: 16    Spells: 3/6 levels left
                                        Lives:  0   Deaths: 0

rFire    . . .     SeeInvis +     - Unarmed
rCold    . . .     Faith    .   (shield unavailable)
rNeg     . . .     Spirit   .   (armour unavailable)
rPois    .         Reflect  .   (helmet unavailable)
rElec    .         Harm     .   (cloak unavailable)
rCorr    .         Rampage  .   (gloves unavailable)
Will     .....                  (boots unavailable)
Stlth    +++.......             (no amulet)
HPRegen  0.04/turn              d - ring of wizardry
MPRegen  0.10/turn              (no ring)

@: quick
A: very small, no armour, no weapons or thrown items, stealth, claws 1, fangs 3,
see invisible, speed 1, shaggy fur 1, sharp paws
a: no special abilities


You were on level 2 of the Dungeon.
You visited 1 branch of the dungeon, and saw 2 of its levels.

You collected 33 gold pieces.

Inventory:

Jewellery
 d - a ring of wizardry (left paw)
Scrolls
 a - a scroll of noise {unknown}
 b - 5 scrolls of teleportation {unknown}
 e - a scroll of random uselessness {unknown}
 g - 3 scrolls of identify {unknown}
Potions
 c - 2 potions of attraction {unknown}
 f - a potion of mutation {unknown}


   Skills:
 - Level 2.6 Dodging
 - Level 4.0 Stealth
 - Level 1.0 Unarmed Combat
 - Level 2.0 Spellcasting
 + Level 5.9 Hexes
 + Level 1.1 Ice Magic


You had 3 spell levels left.
You knew the following spells:

 Your Spells              Type           Power        Failure   Level
a - Corona                Hex            23%          1%          1
b - Ensorcelled Hibernat  Hex/Ice        26%          2%          2

Your spell library contained the following spells:

 Spells                   Type           Power        Failure   Level
 Confusing Touch          Hex            21%          1%          3
 Tukima's Dance           Hex            21%          1%          3
 Dazzling Flash           Conj/Hex       22%          7%          3


Dungeon Overview and Level Annotations

Branches:
Dungeon (2/15)

Altars:


Innate Abilities, Weirdness & Mutations

You cannot wear armour.
You are incapable of wielding weapons or throwing items.
Your paws allow you to move quietly. (Stealth)
You have sharp claws.
You have razor-sharp teeth.
You have supernaturally acute eyesight. (SInv)
You cover ground quickly.
You are covered in fur. (AC +1)
Your sharp claws are effective at attacking unaware monsters.


Message History

A worm is nearby!
Casting: Ensorcelled Hibernation (safe; 2% risk of failure)
Confirm with . or Enter, or press ? or * to list all spells.
You don't have enough magic to cast this spell.
Unknown command.
Casting: Ensorcelled Hibernation (safe; 2% risk of failure)
Confirm with . or Enter, or press ? or * to list all spells.
You don't have enough magic to cast this spell.
A worm is nearby!
You see here a rat corpse.
Casting: Ensorcelled Hibernation (safe; 2% risk of failure)
Confirm with . or Enter, or press ? or * to list all spells.
Aiming: Ensorcelled Hibernation (safe; 2% risk of failure)
Press: ? - help, Shift-Dir - straight line, f - worm
Aim: a worm (chance to affect: 52%)
The worm resists with significant effort.
The worm completely misses you.
You see here a rat corpse.
Casting: Ensorcelled Hibernation (safe; 2% risk of failure)
Confirm with . or Enter, or press ? or * to list all spells.
Aiming: Ensorcelled Hibernation (safe; 2% risk of failure)
Press: ? - help, Shift-Dir - straight line, f/p - worm
Aim: a worm (chance to affect: 52%)
The worm looks drowsy...
The helpless worm fails to defend itself.
You claw the worm!
The worm is severely wounded.
The worm closely misses you.
You barely miss the worm.
The worm is severely wounded.
You barely miss the worm.
The worm is severely wounded.
The worm bites you.
You scratch the worm. You bite the worm.
The worm is severely wounded.
You scratch the worm.
The worm is severely wounded.
The worm bites you!
Ouch! That really hurt!
You die...

..# #†## ..# #..###
#.##### ##...#
#.....######.#
..###...# #w####
#######.####....###
.....##...#####...#
.....####.#####w..#
#....# #....##.@.#
#.<..# ####......#
##...# ####...#
#...# #...# #...#
#...# #...# #...#
##### #####


You could see a worm.

Vanquished Creatures
  An adder (D:2)
  3 giant cockroaches (D:1)
  3 goblins (D:1)
  3 hobgoblins
  2 jackals (D:1)
  A quokka (D:2)
  3 bats
  3 frilled lizards (D:1)
  3 kobolds
  3 rats
25 creatures vanquished.

Notes
Turn   | Place    | Note
-------+----------+-------------------------------------------
     0 | D:1      | inc the Felid Enchanter began the quest for the Orb.
     0 | D:1      | Reached XP level 1. HP: 7/7 MP: 4/4
   263 | D:1      | Reached skill level 5 in Hexes
   346 | D:1      | Reached XP level 2. HP: 11/11 MP: 6/6
   354 | D:1      | Learned a level 2 spell: Ensorcelled Hibernation
  1122 | D:2      | Reached skill level 1 in Ice Magic
  1122 | D:2      | Reached XP level 3. HP: 13/14 MP: 2/7
  1308 | D:2      | Slain by a worm

Illustrated notes

Levels and vault maps discovered:
D:1:      dpeg_arrival_windows_large_door, layout_loops_ring
D:2:      layout_rooms, chequers_temple_overflow_minitemple, uniq_jessica,
          uniq_natasha

Skill      XL: |  1  2 |
---------------+-------+-----
Hexes          | 5 |  5.9
Ice Magic      | 1 |  1.1
Dodging        | |  2.6
Stealth        | |  4.0
Unarmed Combat | |  1.0
Spellcasting   | |  2.0

Action                   || total
-------------------------++-------
Melee: Unarmed           ||    43
       Bite              ||     2
 Cast: Corona            ||     4
       Ensorcelled Hiber ||    11
 Stab: Sleeping          ||    20
Armor: Skin              ||     1
Dodge: Dodged            ||    36

Table legend: (Time is in decaauts)
 A = Elapsed time spent in this place.
 B = Non-inter-level travel time spent in this place.
 C = Inter-level travel time spent in this place.
 D = Time resting spent in this place.
 E = Time spent auto-exploring this place.
 F = Levels seen in this place.
 G = Mean time per level.
                   A        B        C        D        E       F      G
               +--------+--------+--------+--------+--------+-----+--------+
         Total |   1160 |   1129 |     31 |    263 |    652 |   2 |  580.0 |
       Dungeon |   1160 |   1129 |     31 |    263 |    652 |   2 |  580.0 |
               +--------+--------+--------+--------+--------+-----+--------+

Top non-repeatable levels by time:
     D:1: 869 daAuts
     D:2: 291 daAuts
